[Event "Team 45 45 League T64"]
[Site "Internet Chess Club"]
[Date "2015.03.28"]
[Round "4"]
[White "atiroaoj"]
[Black "RubberDuck"]
[Result "0-1"]
[WhiteElo "1830"]
[BlackElo "1897"]
[Opening "Sicilian"]
[ECO "B50"]
[Time "16:00:44"]
[TimeControl "2700+45"]

1. e4 c5 2. Nf3 d6 3. c3 Nf6 4. g3 Nc6 5. d3 g6 6. Bg2 Bg7 7. O-O O-O 8. a4 a6
9. Nh4 e5 10. Nd2 Bg4 11. Qe1 b5 12. f3 Bd7 13. f4 Re8 14. Ndf3 Qb6 15. f5 bxa4
16. Qf2 Ng4 17. Qc2 c4+ 18. Kh1 cxd3 19. Qd2 Na5 20. h3 Nb3 21. Qe1 Nxa1 22.
hxg4 Nc2 23. Qd2 Bb5 24. Ng5 Rf8 25. f6 Bh6 26. Bf3 Bc4 27. Qh2 d2 28. Bxd2 Bxf1
29. Nf5 Bxg5 30. Bxg5 Kh8 31. Bh6 gxf5 32. Bg7+ Kg8 33. Qh6 Qe3 {White resigns}
0-1

[Event "Team 45 45 League T64"]
[Site "Internet Chess Club"]
[Date "2015.03.29"]
[Round "4"]
[White "fledermaus"]
[Black "Philly-Boy"]
[Result "1-0"]
[WhiteElo "1902"]
[BlackElo "1756"]
[Opening "QGD Slav: 4.Nc3"]
[ECO "D15"]
[Time "14:08:44"]
[TimeControl "2700+45"]

1. Nf3 d5 2. d4 Nf6 3. c4 c6 4. Nc3 Bf5 5. cxd5 cxd5 6. Qb3 e6 7. Qxb7 Nbd7 8.
e3 Be7 9. Qb3 O-O 10. Nh4 Bg4 11. h3 Bh5 12. Be2 Bxe2 13. Kxe2 Rb8 14. Qc2 Ne4
15. Nf3 Rc8 16. Bd2 Ndf6 17. Rhc1 Qb6 18. Kf1 Rb8 19. Rab1 Rfc8 20. Qd3 Nxd2+
21. Nxd2 a5 22. Rc2 Qb4 23. Rbc1 g6 24. Nxd5 Rxc2 25. Nxe7+ Qxe7 26. Qxc2 Qd6
27. Kg1 g5 28. b3 g4 29. Qc5 Qxc5 30. Rxc5 gxh3 31. Rxa5 hxg2 32. Kxg2 Nd5 33.
a3 Rc8 34. Rc5 Ra8 35. Nc4 Rb8 36. b4 Kg7 37. b5 Kf6 38. a4 Nc3 39. Nb6 Rg8+ 40.
Kf3 Na2 41. a5 {Black resigns} 1-0

[Event "Team 45 45 League T64"]
[Site "Internet Chess Club"]
[Date "2015.03.30"]
[Round "4"]
[White "Undecided"]
[Black "jonesey"]
[Result "1/2-1/2"]
[WhiteElo "1639"]
[BlackElo "1853"]
[Opening "Queen's pawn: London system"]
[ECO "A45"]
[Time "07:00:16"]
[TimeControl "2700+45"]

1. d4 Nf6 2. Bf4 c5 3. c3 cxd4 4. cxd4 Qb6 5. b3 Nc6 6. Nf3 d6 7. e3 Bg4 8. Nbd2
e5 9. Bg5 exd4 10. Be2 dxe3 11. Bxe3 Qc7 12. O-O Be7 13. Rc1 d5 14. h3 Be6 15.
Nd4 O-O 16. N2f3 Rac8 17. Ng5 Bd7 18. Nb5 Qa5 19. a3 a6 20. b4 Qd8 21. Nd4 Ne5
22. Rxc8 Qxc8 23. Qb3 h6 24. Ngf3 Nxf3+ 25. Bxf3 Be6 26. g4 Ne4 27. Rc1 Qd7 28.
Qd3 Nd6 29. Bd1 Rc8 30. Rxc8+ Qxc8 31. Bc2 Ne4 32. f3 Nf6 33. Nf5 Bxf5 34. Qxf5
Qxf5 35. Bxf5 Ne8 36. Bc5 Bxc5+ 37. bxc5 Nc7 38. Bc8 Ne6 39. Bxb7 Nxc5 40. Bxd5
{Game drawn by mutual agreement} 1/2-1/2

[Event "Team 45 45 League T64"]
[Site "Internet Chess Club"]
[Date "2015.03.31"]
[Round "4"]
[White "Innes"]
[Black "cityprosecutor"]
[Result "0-1"]
[WhiteElo "1650"]
[BlackElo "1812"]
[Opening "Pirc defense"]
[ECO "B07"]
[Time "19:05:52"]
[TimeControl "2700+45"]

1. e4 d6 2. d4 Nf6 3. Bd3 e5 4. Nf3 exd4 5. c3 dxc3 6. O-O Nc6 7. h3 Be7 8. Nxc3
O-O 9. a3 Bd7 10. Qc2 h6 11. Re1 Ne5 12. Nxe5 dxe5 13. f4 Bc5+ 14. Kh1 Bd4 15.
Be3 Bxe3 16. Rxe3 exf4 17. Rf3 Nh5 18. Nd5 Ng3+ 19. Kh2 g5 20. e5 f5 21. Nf6+
Rxf6 22. exf6 Qxf6 23. Qxc7 Bc6 24. Bc4+ Kh8 25. Rf2 Ne4 26. Re2 Rd8 27. Qf7 Qd6
28. Qe6 Qc7 29. Qxh6+ Qh7 30. Qxh7+ Kxh7 31. Rae1 Kg6 32. Bb3 Kf6 33. Rd1 Rxd1
34. Bxd1 Ke5 35. Rc2 Ng3 36. Bf3 Nf1+ 37. Kg1 Ne3 38. Rc5+ Kd4 39. Ra5 Bxf3 40.
gxf3 a6 41. Ra4+ Kd3 42. Rb4 b5 43. Rb3+ Ke2 44. Rc3 Kxf3 45. Rc6 Ke2 46. Rxa6
f3 {White resigns} 0-1

[Event "Team 45 45 League T64"]
[Site "Internet Chess Club"]
[Date "2015.03.28"]
[Round "4"]
[White "CaoCao"]
[Black "bobhill"]
[Result "0-1"]
[WhiteElo "1937"]
[BlackElo "1904"]
[Opening "QGD: Charousek (Petrosian) variation"]
[ECO "D31"]
[Time "10:05:02"]
[TimeControl "2700+45"]

1. d4 d5 2. c4 e6 3. Nc3 Be7 4. Nf3 h6 5. Bf4 Nf6 6. e3 O-O 7. h3 b6 8. cxd5
Nxd5 9. Nxd5 Qxd5 10. Bxc7 Bb4+ 11. Nd2 Ba6 12. Bxb8 Bxf1 13. Kxf1 Raxb8 14. a3
Bd6 15. Qa4 Rfc8 16. e4 Qg5 17. Rd1 Bf8 18. h4 Qh5 19. f3 Rc7 20. g4 Qg6 21. Qb3
Rbc8 22. Nb1 Qf6 23. Qe3 Rc2 24. g5 Qg6 25. Rg1 hxg5 26. hxg5 e5 27. b4 exd4 28.
Qd3 Qh5 29. Nd2 R8c3 30. Qxd4 {White resigns} 0-1

[Event "Team 45 45 League T64"]
[Site "Internet Chess Club"]
[Date "2015.03.26"]
[Round "4"]
[White "chess2009"]
[Black "achessman"]
[Result "0-1"]
[WhiteElo "1733"]
[BlackElo "1935"]
[Opening "Petrov three knights game"]
[ECO "C42"]
[Time "21:00:44"]
[TimeControl "2700+45"]

1. e4 e5 2. Nf3 Nf6 3. Nc3 Bb4 4. a3 Bxc3 5. bxc3 O-O 6. d3 d5 7. Bg5 dxe4 8.
Bxf6 Qxf6 9. dxe4 Rd8 10. Bd3 Bg4 11. Rb1 b6 12. Rb5 Nc6 13. Rd5 Ne7 14. Rxd8+
Rxd8 15. O-O Ng6 16. h3 Bxf3 17. Qxf3 Qxf3 18. gxf3 Nf4 19. Rd1 Nxh3+ 20. Kg2
Nf4+ 21. Kg3 h5 22. Kh4 g6 23. Rd2 Kg7 24. Kg3 g5 25. Kh2 Kg6 26. Kg1 h4 27. Kh2
Kh5 28. Rd1 Rd6 29. Rd2 g4 30. fxg4+ Kxg4 31. Rd1 Kf3 32. Kg1 h3 33. Re1 Rg6+
34. Kf1 h2 35. Re3+ Kg4 36. Rg3+ Kh4 {White resigns} 0-1

[Event "Team 45 45 League T64"]
[Site "Internet Chess Club"]
[Date "2015.03.29"]
[Round "4"]
[White "Frankly"]
[Black "misuc56"]
[Result "0-1"]
[WhiteElo "1797"]
[BlackElo "1800"]
[Opening "QGD: 3.Nc3"]
[ECO "D31"]
[Time "15:00:13"]
[TimeControl "2700+45"]

1. d4 d5 2. c4 e6 3. Nc3 f5 4. Nf3 c6 5. Bf4 Nf6 6. e3 Bd6 7. Ne5 Qe7 8. Rc1 O-O
9. c5 Bc7 10. Be2 Qd8 11. O-O Nbd7 12. Qc2 Nxe5 13. dxe5 Nd7 14. b4 a6 15. Na4
Bxe5 16. Bxe5 Nxe5 17. Rfd1 Qe7 18. Rd4 Bd7 19. Nb6 Rad8 20. Kh1 Be8 21. g4 Bg6
22. Qb2 Nxg4 23. Bxg4 fxg4 24. Rxg4 Qf6 25. Qxf6 Rxf6 26. Kg1 e5 27. f4 exf4 28.
exf4 Bf5 29. Rg3 Re8 30. Kf2 g6 31. a3 Rfe6 32. Rcg1 Re2+ 33. Kf1 Re1+ 34. Kf2
R8e2+ 35. Kf3 Be4+ 36. Kg4 Rxg1 37. Rxg1 Rxh2 38. Nd7 Kg7 39. Ne5 Bf5+ 40. Kg3
Rh3+ 41. Kf2 Rxa3 42. Nf3 Rb3 43. Nd4 Rb2+ 44. Ke3 Be4 45. f5 Kf6 46. fxg6 hxg6
47. Rf1+ Bf5 48. Rf4 Rxb4 49. Rf2 Rb1 50. Rh2 Re1+ 51. Kd2 Re4 52. Kc3 Re3+ 53.
Kb2 Ke5 54. Nb3 d4 55. Rd2 d3 56. Nc1 Kd4 57. Nb3+ Kc4 58. Na5+ Kxc5 59. Nxb7+
Kd4 60. Na5 c5 61. Nb3+ Kd5 62. Nc1 c4 63. Kc3 a5 64. Na2 Re2 65. Nc1 Rxd2 66.
Kxd2 Kd4 67. Na2 g5 68. Nc3 g4 {White resigns} 0-1

[Event "Team 45 45 League T64"]
[Site "Internet Chess Club"]
[Date "2015.03.28"]
[Round "4"]
[White "Beetlejuice"]
[Black "ghostfire"]
[Result "1-0"]
[WhiteElo "1818"]
[BlackElo "1693"]
[Opening "QGD Slav: 4.e3"]
[ECO "D11"]
[Time "10:03:11"]
[TimeControl "2700+45"]

1. d4 d5 2. c4 c6 3. Nf3 Nf6 4. e3 Bg4 5. Qb3 Qb6 6. Ne5 Qxb3 7. axb3 Bh5 8. h3
Nbd7 9. g4 Bg6 10. Nxg6 hxg6 11. Bg2 e6 12. Nc3 Bb4 13. O-O Bd6 14. Re1 O-O-O
15. Rxa7 Kc7 16. Bd2 Ra8 17. Rea1 Rxa7 18. Rxa7 Kb8 19. Ra1 Nh7 20. e4 dxe4 21.
Nxe4 Bc7 22. Re1 Nhf6 23. Ng5 Rf8 24. Bb4 Re8 25. Nxf7 e5 26. dxe5 Nxe5 27. Nxe5
Bxe5 28. Rxe5 {Black resigns} 1-0

[Event "Team 45 45 League T64"]
[Site "Internet Chess Club"]
[Date "2015.03.27"]
[Round "4"]
[White "Monterrey"]
[Black "TileGuy"]
[Result "0-1"]
[WhiteElo "2010"]
[BlackElo "1852"]
[Opening "Trompowsky attack (Ruth, Opocenský opening)"]
[ECO "A45"]
[Time "19:01:21"]
[TimeControl "2700+45"]

1. d4 Nf6 2. Bg5 d6 3. Nc3 Nbd7 4. e4 h6 5. Bxf6 Nxf6 6. e5 Nh7 7. Nf3 d5 8. Qd3
c6 9. h3 g6 10. O-O-O Bg7 11. Kb1 b5 12. Nd2 a5 13. Nb3 Ng5 14. Nc5 Ne6 15. Nxe6
Bxe6 16. g4 Qd7 17. a4 b4 18. Na2 h5 19. g5 Bf5 20. Qb3 O-O 21. f4 e6 22. Nc1
Rfc8 23. Bd3 Bxd3 24. Nxd3 Bf8 25. Nc5 Bxc5 26. dxc5 Rc7 27. Qd3 Rd8 28. Qd4 Qc8
29. b3 Qa6 30. Rh2 Kg7 31. Rg2 Qc8 32. Re1 Re7 33. f5 exf5 34. e6+ Kh7 35. Qf6
Rde8 36. Re5 fxe6 37. Rge2 Qd7 38. R5e3 d4 39. Rd3 e5 40. Qd6 Qxd6 41. cxd6 Rd7
42. Rxd4 e4 43. Kc1 Red8 44. Red2 Kg7 45. Kd1 Kf7 46. Rf2 Rxd6 47. Rxd6 Rxd6+
48. Ke2 Ke6 49. Ke3 Ke5 50. h4 Rd1 51. Ke2 Rc1 52. Kd2 Rh1 {White resigns} 0-1

[Event "Team 45 45 League T64"]
[Site "Internet Chess Club"]
[Date "2015.03.29"]
[Round "4"]
[White "PuzzleMaster"]
[Black "TerryMalloy"]
[Result "0-1"]
[WhiteElo "1948"]
[BlackElo "1976"]
[Opening "Sicilian: Najdorf, 6.Bg5"]
[ECO "B94"]
[Time "12:04:46"]
[TimeControl "2700+45"]

1. e4 c5 2. Nf3 d6 3. d4 cxd4 4. Nxd4 Nf6 5. Nc3 a6 6. Bg5 Nbd7 7. Qe2 h6 8. Bh4
g6 9. f4 e5 10. fxe5 dxe5 11. O-O-O Qc7 12. Nb3 b5 13. Nd5 Nxd5 14. exd5 Bd6 15.
Qd2 Kf8 16. g4 Kg7 17. Qg2 Bb7 18. Bd3 Rac8 19. Rhf1 Rhf8 20. Kb1 b4 21. Nd2 a5
22. Nc4 a4 23. b3 axb3 24. cxb3 Ra8 25. Rc1 Ba6 26. Nxe5 Nxe5 27. Bf6+ Kh7 28.
Bxa6 Qa7 29. Bb5 Nxg4 30. Ba1 Ne3 {White resigns} 0-1

[Event "Team 45 45 League T64"]
[Site "Internet Chess Club"]
[Date "2015.04.03"]
[Round "4"]
[White "Entoloma"]
[Black "nikenwidiartto"]
[Result "0-1"]
[WhiteElo "2037"]
[BlackElo "2056"]
[Opening "Polish (Sokolsky) opening"]
[ECO "A00"]
[Time "04:31:50"]
[TimeControl "2700+45"]

1. b4 e6 2. Bb2 Nf6 3. a3 b6 4. c4 Bb7 5. Nf3 Be7 6. e3 d5 7. d4 a5 8. c5 O-O 9.
Bd3 Nbd7 10. Qc2 c6 11. O-O Ba6 12. Bxa6 Rxa6 13. Nbd2 b5 14. a4 Qa8 15. axb5
cxb5 16. bxa5 Nb8 17. Nb3 Nc6 18. Bc3 Nd7 19. Qe2 Qb7 20. Rfb1 Rb8 21. Nc1 Bd8
22. Nd3 Rba8 23. Nb4 Nxb4 24. Rxb4 Bxa5 25. Rxb5 Bxc3 26. Rxb7 Rxa1+ 27. Ne1
Rxe1+ 28. Qxe1 Bxe1 29. Rxd7 Kf8 30. c6 Rc8 {White resigns} 0-1

[Event "Team 45 45 League T64"]
[Site "Internet Chess Club"]
[Date "2015.03.30"]
[Round "4"]
[White "fishhead"]
[Black "JustinL"]
[Result "1-0"]
[WhiteElo "1836"]
[BlackElo "1980"]
[Opening "French: Winawer, advance, 5.a3"]
[ECO "C17"]
[Time "17:04:21"]
[TimeControl "2700+45"]

1. e4 e6 2. d4 d5 3. Nc3 Bb4 4. e5 c5 5. a3 cxd4 6. axb4 dxc3 7. b5 Qc7 8. f4 g5
9. Nf3 g4 10. Nd4 Nh6 11. b4 Nd7 12. Be2 Rg8 13. Qd3 Rg6 14. h3 gxh3 15. Qxh3
Nb6 16. g4 Bd7 17. g5 Nf5 18. Nxf5 exf5 19. Qxh7 O-O-O 20. Qxf7 Rdg8 21. Rh7 Qb8
22. Be3 Be6 23. Qe7 Nd7 24. Bxa7 Qc7 25. Bc5 {Black resigns} 1-0

[Event "Team 45 45 League T64"]
[Site "Internet Chess Club"]
[Date "2015.03.28"]
[Round "4"]
[White "santiagoelawad"]
[Black "G-force"]
[Result "0-1"]
[WhiteElo "2014"]
[BlackElo "2082"]
[Opening "English opening"]
[ECO "A10"]
[Time "20:02:49"]
[TimeControl "2700+45"]

1. c4 b6 2. Nc3 Bb7 3. d4 e6 4. Bf4 Bb4 5. Rc1 f5 6. Nf3 Nf6 7. Bg5 O-O 8. a3
Bxc3+ 9. Rxc3 d6 10. g3 Nbd7 11. Bg2 h6 12. Bxf6 Nxf6 13. O-O Qe7 14. Nh4 Bxg2
15. Nxg2 c5 16. dxc5 dxc5 17. Qc2 Rad8 18. Nf4 Qf7 19. Rd1 Rxd1+ 20. Qxd1 g5 21.
Ng2 e5 22. b3 f4 23. f3 fxg3 24. hxg3 e4 25. fxe4 Qe6 26. Rf3 Qxe4 27. Qd3 Kg7
28. Ne3 Qxd3 29. exd3 Re8 30. Kf2 Kg6 31. b4 h5 32. Nf5 Ng4+ 33. Kg1 Ne5 34. Rf1
Nxd3 35. Nd6 Re3 36. Nf5 Re5 37. Nd6 cxb4 38. axb4 Nxb4 39. Nc8 Nc6 40. Rd1 Kf5
41. Rd6 Na5 42. Rd4 Rc5 43. Nxa7 Nxc4 44. Kf2 Ne5 45. Rd6 Rc2+ 46. Kf1 Rb2 47.
Nc8 Kg4 48. Rxb6 Rxb6 49. Nxb6 Kxg3 50. Kg1 h4 51. Nd5 g4 52. Ne3 h3 53. Nf1+
Kf3 54. Nh2+ Kf4 55. Nf1 g3 56. Nxg3 Kxg3 57. Kh1 Ng4 58. Kg1 h2+ 59. Kh1 Nf2#
{White checkmated} 0-1

[Event "Team 45 45 League T64"]
[Site "Internet Chess Club"]
[Date "2015.03.29"]
[Round "4"]
[White "SaltofLife"]
[Black "Freitac"]
[Result "1-0"]
[WhiteElo "1943"]
[BlackElo "1906"]
[Opening "Caro-Kann: anti-anti-Caro-Kann defense"]
[ECO "B10"]
[Time "15:05:45"]
[TimeControl "2700+45"]

1. e4 c6 2. c4 d5 3. cxd5 cxd5 4. exd5 Nf6 5. Nc3 Nxd5 6. Nf3 Nc6 7. Bb5 e6 8.
d4 Be7 9. O-O O-O 10. Re1 Bd7 11. Qe2 Nf6 12. d5 Nb4 13. Bxd7 Qxd7 14. dxe6 Qd3
15. exf7+ Rxf7 16. Ng5 Qxe2 17. Rxe2 Bc5 18. Nxf7 Kxf7 19. Be3 Bxe3 20. fxe3 Nd3
21. Rd1 Nc5 22. e4 Re8 23. e5 Nfd7 24. b4 {Black resigns} 1-0

[Event "Team 45 45 League T64"]
[Site "Internet Chess Club"]
[Date "2015.03.31"]
[Round "4"]
[White "VictorRed"]
[Black "jonesey"]
[Result "0-1"]
[WhiteElo "1841"]
[BlackElo "1869"]
[Opening "Old Benoni defense"]
[ECO "A46"]
[Time "11:00:14"]
[TimeControl "2700+45"]

1. d4 Nf6 2. Nf3 c5 3. d5 b5 4. e3 Bb7 5. d6 e6 6. Nc3 a6 7. e4 Nxe4 8. Nxe4
Bxe4 9. Be2 Qb6 10. Bf4 f6 11. O-O e5 12. Nxe5 fxe5 13. Bxe5 Nc6 14. Bg3 O-O-O
15. Re1 Nd4 16. Bd3 Bg6 17. c3 Nf5 18. Bxf5 Bxf5 19. Bh4 g5 20. Bxg5 Rg8 21.
Bxd8 Qc6 22. f3 Bh3 23. g3 Kxd8 24. Qe2 Bxd6 25. Kf2 c4 26. Rad1 Bc5+ 27. Rd4
Bxd4+ 28. cxd4 Qd5 29. Qe7+ Kc8 30. Re4 Bf5 31. Rf4 Bg6 32. Qf6 Qe6 33. Qg5 Re8
34. Qc5+ Kb7 35. Kg2 Bf7 36. Re4 Qc6 37. Qxc6+ Kxc6 {White resigns} 0-1

[Event "Team 45 45 League T64"]
[Site "Internet Chess Club"]
[Date "2015.03.27"]
[Round "4"]
[White "Zhbugnoimt"]
[Black "justinchess"]
[Result "0-1"]
[WhiteElo "2041"]
[BlackElo "2358"]
[Opening "QGD: Cambridge Springs defense, Bogolyubov variation"]
[ECO "D52"]
[Time "16:00:49"]
[TimeControl "2700+45"]

1. d4 Nf6 2. c4 e6 3. Nf3 d5 4. Nc3 c6 5. Bg5 Nbd7 6. e3 Qa5 7. Nd2 Bb4 8. Qc2
O-O 9. Be2 dxc4 10. Bxf6 Nxf6 11. Nxc4 Qc7 12. O-O b6 13. Rac1 Bb7 14. Bf3 Rac8
15. a3 Be7 16. b4 Nd5 17. Ne4 f5 18. Ned2 Bf6 19. e4 Nf4 20. Nb3 Rcd8 21. Rfd1
g6 22. Ne3 fxe4 23. Qxe4 Rb8 24. Qc2 Bh4 25. Rd2 Nh3+ 26. Kh1 Rxf3 27. gxf3 Qf4
28. Kg2 Ng5 29. Qd1 Rf8 {White resigns} 0-1

[Event "Team 45 45 League T64"]
[Site "Internet Chess Club"]
[Date "2015.04.01"]
[Round "4"]
[White "Puffy"]
[Black "Percival"]
[Result "1/2-1/2"]
[WhiteElo "2198"]
[BlackElo "2068"]
[Opening "French: advance, Paulsen attack"]
[ECO "C02"]
[Time "19:05:23"]
[TimeControl "2700+45"]

1. e4 e6 2. d4 d5 3. e5 c5 4. c3 Nc6 5. Nf3 Qb6 6. a3 c4 7. Qc2 Bd7 8. Bf4 Nge7
9. Nbd2 Na5 10. Rb1 Nc8 11. g3 Qc7 12. Bg2 Nb6 13. Nf1 h6 14. h4 O-O-O 15. h5
Ba4 16. Qe2 Be7 17. Ne3 Nd7 18. Ng4 Qb6 19. O-O Nb8 20. Bh3 Na6 21. Kg2 Nc7 22.
Rh1 Nb5 23. Qd2 Nb3 24. Qe3 Na5 25. Qd2 Nb3 26. Qe3 Na5 27. Qd2 {Game drawn by
repetition} 1/2-1/2

[Event "Team 45 45 League T64"]
[Site "Internet Chess Club"]
[Date "2015.03.28"]
[Round "4"]
[White "Ohanessian"]
[Black "JJ12"]
[Result "0-1"]
[WhiteElo "1948"]
[BlackElo "2046"]
[Opening "Sicilian: Hungarian variation"]
[ECO "B27"]
[Time "16:19:08"]
[TimeControl "2700+45"]

1. e4 c5 2. Nf3 g6 3. Bc4 e6 4. d4 Bg7 5. d5 b5 6. dxe6 fxe6 7. Be2 Ne7 8. Bg5
Bxb2 9. Nbd2 a6 10. Rb1 Bg7 11. Nb3 h6 12. Bh4 c4 13. Nbd4 e5 14. Bxc4 bxc4 15.
Ne2 g5 16. Bg3 d6 17. Nc3 Nbc6 18. Nd2 Be6 19. Nf1 {White resigns} 0-1

[Event "Team 45 45 League T64"]
[Site "Internet Chess Club"]
[Date "2015.03.31"]
[Round "4"]
[White "Magnus87"]
[Black "Knight77"]
[Result "1-0"]
[WhiteElo "2104"]
[BlackElo "1698"]
[Opening "King's Indian: East Indian defense"]
[ECO "A48"]
[Time "11:01:10"]
[TimeControl "2700+45"]

1. d4 Nf6 2. Nf3 g6 3. Nbd2 Bg7 4. b4 O-O 5. Bb2 d6 6. e4 e5 7. dxe5 Ng4 8. Nc4
Nxe5 9. Ncxe5 dxe5 10. Qxd8 Rxd8 11. Rd1 Rxd1+ 12. Kxd1 Nc6 13. a3 Bg4 14. Be2
Rd8+ 15. Kc1 f5 16. h3 fxe4 17. hxg4 exf3 18. Bxf3 h6 19. Bxc6 bxc6 20. Re1 Re8
21. Re4 g5 22. Rc4 Re6 23. Kd2 Kf7 24. Ke3 Ke7 25. Rc5 Rd6 26. Bxe5 Re6 27. Ke4
Kd7 28. Kf5 Bxe5 29. Rxe5 Rd6 30. Re3 c5 31. Rd3 Rxd3 32. cxd3 cxb4 33. axb4 c5
34. bxc5 a5 35. Ke4 a4 36. Kd4 Kc6 37. g3 a3 38. Kc3 Kxc5 39. f4 a2 40. Kb2 gxf4
41. gxf4 a1=Q+ 42. Kxa1 Kd5 43. Kb2 {Black resigns} 1-0

[Event "Team 45 45 League T64"]
[Site "Internet Chess Club"]
[Date "2015.03.29"]
[Round "4"]
[White "alegro"]
[Black "MeWantCookie"]
[Result "1-0"]
[WhiteElo "1948"]
[BlackElo "2090"]
[Opening "Sicilian: Alapin's variation (2.c3)"]
[ECO "B22"]
[Time "14:12:59"]
[TimeControl "2700+45"]

1. e4 c5 2. c3 Nc6 3. d4 cxd4 4. cxd4 d5 5. exd5 Qxd5 6. Nf3 e6 7. Nc3 Qd8 8. a3
Nf6 9. Bd3 Be7 10. O-O O-O 11. Bf4 b6 12. Rc1 Bb7 13. Bb1 Rc8 14. Qd3 Qd7 15.
Rfd1 Rfd8 16. b4 h6 17. b5 Na5 18. Ne5 Qe8 19. Ng4 Nb3 20. Nd5 Bxd5 21. Nxf6+
Bxf6 22. Rxc8 Rxc8 23. Qh7+ Kf8 24. Bd6+ {Black resigns} 1-0

[Event "Team 45 45 League T64"]
[Site "Internet Chess Club"]
[Date "2015.03.31"]
[Round "4"]
[White "Agarnez"]
[Black "ANGELLR"]
[Result "1/2-1/2"]
[WhiteElo "2043"]
[BlackElo "1913"]
[Opening "QGD Slav defense: exchange variation"]
[ECO "D10"]
[Time "21:30:21"]
[TimeControl "2700+45"]

1. d4 d5 2. c4 c6 3. cxd5 cxd5 4. Nc3 Nf6 5. Bf4 e6 6. e3 a6 7. Bd3 Nbd7 8. a4
b6 9. Nf3 Bb7 10. O-O Be7 11. h3 O-O 12. Qe2 Re8 13. Rac1 {Game drawn by mutual
agreement} 1/2-1/2

[Event "Team 45 45 League T64"]
[Site "Internet Chess Club"]
[Date "2015.03.25"]
[Round "4"]
[White "Regista"]
[Black "infiniteshug"]
[Result "1-0"]
[WhiteElo "2281"]
[BlackElo "2163"]
[Opening "Caro-Kann: Panov-Botvinnik attack, 5...e6"]
[ECO "B14"]
[Time "17:07:48"]
[TimeControl "2700+45"]

1. e4 c6 2. d4 d5 3. exd5 cxd5 4. c4 Nf6 5. Nc3 e6 6. Nf3 Be7 7. cxd5 Nxd5 8.
Bc4 O-O 9. O-O Nc6 10. Re1 Nf6 11. a3 a6 12. Ba2 Qc7 13. Be3 Rd8 14. Qc2 b5 15.
Rad1 b4 16. Na4 bxa3 17. bxa3 Bxa3 18. d5 Nxd5 19. Bxd5 Rxd5 20. Rxd5 exd5 21.
Nb6 Rb8 22. Nxd5 Qd7 23. Ng5 f5 24. Qa2 Kh8 25. Qxa3 Bb7 26. Nb6 Qc7 27. Qc5 Re8
28. Qxf5 g6 29. Bd4+ Nxd4 30. Rxe8+ Kg7 31. Qf8# {Black checkmated} 1-0

[Event "Team 45 45 League T64"]
[Site "Internet Chess Club"]
[Date "2015.03.28"]
[Round "4"]
[White "Pomberito"]
[Black "RazorBladeTeddy"]
[Result "1-0"]
[WhiteElo "2070"]
[BlackElo "2085"]
[Opening "Sicilian: Najdorf, 7...Qb6"]
[ECO "B97"]
[Time "15:00:29"]
[TimeControl "2700+45"]

1. e4 c5 2. Nf3 d6 3. d4 cxd4 4. Nxd4 Nf6 5. Nc3 a6 6. Bg5 e6 7. f4 Qb6 8. Qd3
Nc6 9. Bxf6 gxf6 10. Nb3 Bd7 11. O-O-O O-O-O 12. Be2 h5 13. Kb1 Kb8 14. Rhf1 Rc8
15. Qh3 Na5 16. Nd5 exd5 17. Qxd7 dxe4 18. Qxf7 Nxb3 19. axb3 Qc7 20. Qxc7+ Kxc7
21. h4 Kc6 22. Bc4 Re8 23. Bd5+ Kc7 24. Rde1 f5 25. Bf7 Rd8 26. Bg6 d5 27. Bxf5
Rg8 28. Re2 Rg3 29. Rd1 e3 30. Rd3 Bc5 31. b4 Ba7 32. Be6 d4 33. c3 dxc3 34.
Rxd8 c2+ 35. Kxc2 Kxd8 36. Kd3 Ke7 37. Bc8 Kf6 38. Bxb7 Rg4 39. Rxe3 Bxe3 40.
Kxe3 Rg3+ 41. Bf3 Rg8 42. Bxh5 Rxg2 43. Be2 Rg3+ 44. Kd4 Rb3 45. Kc5 Rxb2 46.
Bxa6 Ke7 47. Bd3 Kd8 48. Bg6 Rb3 49. h5 Kc7 50. h6 Rc3+ 51. Kd5 Kd7 52. h7
{Black resigns} 1-0

[Event "Team 45 45 League T64"]
[Site "Internet Chess Club"]
[Date "2015.03.31"]
[Round "4"]
[White "hangingpawns"]
[Black "CHENENE"]
[Result "1-0"]
[WhiteElo "2066"]
[BlackElo "2068"]
[Opening "Grünfeld: Stockholm variation"]
[ECO "D80"]
[Time "20:54:52"]
[TimeControl "2700+45"]

1. d4 Nf6 2. c4 g6 3. Nc3 d5 4. Bg5 Ne4 5. Bh4 Nxc3 6. bxc3 c6 7. e3 Bg7 8. Nf3
O-O 9. Be2 Nd7 10. cxd5 cxd5 11. Qb3 Nf6 12. O-O b6 13. Ne5 Bb7 14. f3 Nd7 15.
Nd3 Rc8 16. Qa3 Qc7 17. Rac1 Bh6 18. f4 e6 19. Be7 Rfe8 20. Bd6 Bf8 21. Bxf8
Rxf8 22. Ne5 Rfd8 23. h4 Nxe5 24. fxe5 a6 25. h5 b5 26. hxg6 hxg6 27. Rf3 Rd7
28. Bd3 Kg7 29. Qb2 Rh8 30. Qf2 b4 31. Rf1 bxc3 32. Bxg6 fxg6 33. Rf8 Rh5 34.
Qf6+ Kh6 35. Rh8+ Rh7 36. Qf8+ Qg7 37. Rxh7+ Kxh7 38. Rf7 Qxf7 39. Qxf7+ Kh6 40.
Qxb7 Rf5 41. Qc6 Kg5 42. Qxe6 a5 43. Qxd5 a4 44. Qc4 a3 45. Qxc3 Kh5 46. Qxa3 g5
47. Qd3 Rf8 48. Qh7+ Kg4 49. Qh3# {Black checkmated} 1-0

[Event "Team 45 45 League T64"]
[Site "Internet Chess Club"]
[Date "2015.03.26"]
[Round "4"]
[White "gump12345"]
[Black "Zkid"]
[Result "0-1"]
[WhiteElo "2004"]
[BlackElo "2301"]
[Opening "French: Tarrasch, closed variation, main line"]
[ECO "C06"]
[Time "19:03:25"]
[TimeControl "2700+45"]

1. e4 e6 2. d4 d5 3. Nd2 Nf6 4. e5 Nfd7 5. Bd3 c5 6. c3 Nc6 7. Ne2 cxd4 8. cxd4
f6 9. Nf4 Nxd4 10. Qh5+ Ke7 11. Ng6+ hxg6 12. Qxh8 Nxe5 13. Qh3 Nxd3+ 14. Qxd3
e5 15. O-O Bf5 16. Qa3+ Kf7 17. Qa4 Bc2 18. b3 a5 19. Nf3 b5 20. Nxd4 bxa4 21.
Nxc2 d4 {White resigns} 0-1

[Event "Team 45 45 League T64"]
[Site "Internet Chess Club"]
[Date "2015.03.30"]
[Round "4"]
[White "Bubacik"]
[Black "xwang1"]
[Result "1-0"]
[WhiteElo "2199"]
[BlackElo "2001"]
[Opening "Evans gambit: Cordel variation"]
[ECO "C51"]
[Time "11:30:21"]
[TimeControl "2700+45"]

1. e4 e5 2. Nf3 Nc6 3. Bc4 Bc5 4. b4 Bxb4 5. c3 Be7 6. d4 Na5 7. Bd3 d6 8. dxe5
dxe5 9. Nxe5 Nf6 10. O-O c6 11. Bf4 Bd6 12. Bg3 Qc7 13. Nf3 Bxg3 14. hxg3 Bg4
15. Qc2 Bxf3 16. gxf3 O-O-O 17. f4 h5 18. e5 Ng4 19. Nd2 Kb8 20. Nf3 c5 21. Be4
f6 22. e6 Rd6 23. f5 h4 24. gxh4 Rdd8 25. Rad1 Nc4 26. Rxd8+ Rxd8 27. Rd1 Rxd1+
28. Qxd1 a6 29. Bxb7 Kxb7 30. e7 Qc6 31. Qb3+ Nb6 32. Qf7 Nd7 33. e8=Q Kc7 34.
Qfe6 Qa4 35. Q6e7 Qd1+ 36. Kg2 Ne5 37. Q8d8+ {Black resigns} 1-0

[Event "Team 45 45 League T64"]
[Site "Internet Chess Club"]
[Date "2015.03.28"]
[Round "4"]
[White "deepfort"]
[Black "Gojira"]
[Result "1-0"]
[WhiteElo "1518"]
[BlackElo "1752"]
[Opening "Polish (Sokolsky) opening"]
[ECO "A00"]
[Time "09:00:36"]
[TimeControl "2700+45"]

1. b4 d5 2. Bb2 Bf5 3. e3 Nd7 4. Nf3 h6 5. c4 c6 6. Be2 e6 7. O-O Ngf6 8. a3 Bd6
9. d4 Ne4 10. Nbd2 Ndf6 11. Nb3 b6 12. c5 bxc5 13. Nxc5 O-O 14. Nb7 Qb6 15. Nxd6
Nxd6 16. Ne5 a5 17. Rc1 Rfc8 18. Bc3 axb4 19. Bxb4 Nb7 20. Bd3 c5 21. dxc5 Nxc5
22. Bxf5 exf5 23. Qd4 Nfd7 24. Nxd7 Nxd7 25. Qxd5 Rd8 26. Rc6 Qa7 27. Qxf5 Nf6
28. Rfc1 Qa4 29. Qc2 Qb5 30. Rc7 Nd5 31. Rc5 Nxb4 32. axb4 Qxb4 33. Rc7 Rd2 34.
Rc8+ Rxc8 35. Qxc8+ Kh7 36. Qf5+ Kg8 37. Rc8+ Qf8 38. Rxf8+ Kxf8 39. h3 g6 40.
Qc8+ Ke7 41. Qc3 Rd6 42. Kh2 Ke6 43. Kg3 Kf5 44. Qc5+ Ke6 45. e4 f6 46. Qc4+ Ke7
47. f4 h5 48. Kh4 Kf8 49. g4 hxg4 50. hxg4 Rd7 51. f5 g5+ 52. Kh5 Kg7 53. e5 Rd8
54. exf6+ Kxf6 55. Qe6+ {Black resigns} 1-0